 Dungeon Crawl Stone Soup version 0.23.2-1-ga50397a (webtiles) character file.

Game seed: 9927114894109977252

910 MalarOregon the Skirmisher (level 8, 0/68 HPs)
             Began as a Ghoul Warper on May 27, 2019.
             Killed from afar by an orc wizard (5 damage)
             ... with a magic dart
             ... on level 4 of the Dungeon.
             The game lasted 00:09:57 (5046 turns).

MalarOregon the Skirmisher (Ghoul Warper)           Turns: 5046, Time: 00:09:58

Health: 0/68       AC:  2    Str: 15    XL:     8   Next: 8%
Magic:  10/10      EV: 13    Int:  9    God:
Gold:   193        SH:  0    Dex:  9    Spells: 3/11 levels left

rFire    . . .     SeeInvis .   C - +2 short sword (venom)
rCold    + . .     Gourm    .   (no shield)
rNeg     + + +     Faith    .   B - +0 robe {MR+}
rPois    ∞         Spirit   .   (no helmet)
rElec    .         Reflect  .   (no cloak)
rCorr    .         Harm     .   (no gloves)
MR       +....                  (no boots)
Stlth    +.........             (no amulet)
HPRegen  0.00/turn              (no ring)
MPRegen  0.12/turn              (no ring)

@: rotting
A: rotting body, claws 1, carnivore, cold resistance 1, negative energy
resistance 3, inhibited regeneration, torment resistance, unbreathing
a: no special abilities


You were on level 4 of the Dungeon.
You were not hungry.

You visited 1 branch of the dungeon, and saw 4 of its levels.

You collected 193 gold pieces.

Inventory:

Hand Weapons
 C - a +2 short sword of venom (weapon)
   (You took it off an orc priest on level 4 of the Dungeon)
Missiles
 b - 31 poisoned needles
 f - 5 tomahawks of dispersal {!f}
 h - 8 needles of confusion
 A - 3 tomahawks (quivered)
Armour
 B - a +0 robe of magic resistance (worn)
   (You took it off an orc wizard on level 4 of the Dungeon)
Wands
 p - a wand of scattershot (2)
   (You found it on level 2 of the Dungeon)
Scrolls
 c - 3 scrolls of teleportation {unknown}
 d - 2 scrolls of blinking
 g - 2 scrolls of immolation {unknown}
 j - 5 scrolls of identify {unknown}
 o - 2 scrolls of fog {unknown}
 r - a scroll of fear {unknown}
 s - a scroll of magic mapping {unknown}
 t - 2 scrolls of amnesia {unknown}
 v - a scroll of random uselessness {unknown}
 w - a scroll of remove curse {unknown}
 x - 3 scrolls of enchant armour {unknown}
 y - 4 scrolls of noise {unknown}
Potions
 i - a potion of ambrosia {unknown}
 k - 4 potions of haste {unknown}
 l - 3 potions of invisibility {unknown}
 m - a potion of mutation {unknown}
 n - a potion of cancellation {unknown}
 q - 2 potions of curing {@q1}
 u - a potion of lignification {unknown}
 z - a potion of magic {unknown}
Comestibles
 e - 6 rations {!d}


   Skills:
 + Level 5.1 Fighting
 + Level 4.3 Short Blades
 + Level 4.0 Throwing
 - Level 1.0 Armour
 + Level 4.3 Dodging
 - Level 2.0 Spellcasting
 - Level 2.6 Translocations


You had 3 spell levels left.
You knew the following spells:

 Your Spells              Type           Power        Failure   Level  Hunger
a - Gell's Gravitas       Tloc           #.........   32%         3    ####...
b - Blink                 Tloc           N/A          17%         2    ###....
f - Mephitic Cloud        Conj/Pois/Air  #.......     69%         3    ####...

Your spell library contained the following spells:

 Spells                   Type           Power        Failure   Level  Hunger
 Shroud of Golubria       Chrm/Tloc      #.........   28%         2    ###....
 Magic Dart               Conj           #...         32%         1    ##.....
 Lesser Beckoning         Tloc           #.........   32%         3    ####...
 Teleport Other           Tloc           #.......     32%         3    ####...
 Call Imp                 Summ           #.......     45%         2    ###....
 Slow                     Hex            #.......     45%         2    ###....
 Conjure Flame            Conj/Fire      #.......     69%         3    ####...
 Passage of Golubria      Tloc           N/A          73%         4    #####..


Dungeon Overview and Level Annotations

Branches:
Dungeon (4/15)
 Temple: D:4-7

Altars:
Ashenzari
Cheibriados
Dithmenos
Gozag
Qazlal
Ru
Wu Jian

Shops:
D:3 *

Annotations:
D:2 1 runed translucent door, Crazy Yiuf
D:4 1 runed translucent door, Sassenached's ghost, amateur DsSk


Innate Abilities, Weirdness & Mutations

Your body is rotting away.
You thrive on raw meat.
You are immune to poison.
You have sharp fingernails.
You are carnivorous and can eat meat at any time.
Your flesh is cold resistant. (rC+)
You are immune to negative energy. (rN+++)
You do not regenerate when monsters are visible.
You are immune to unholy pain and torment.
You can survive without breathing.


Message History

The jackal bites you.
* * * LOW HITPOINT WARNING * * *
You hit the jackal but do no damage. The jackal barely misses you.
You hit the jackal.
The jackal is poisoned.
You kill the jackal!
Something hits you but does no damage. Something hits you but does no damage.
You hear some strange, mumbled words.
A puff of flame appears from out of thin air!
The puff of flame hits you.
* * * LOW HITPOINT WARNING * * *
You hear some strange, mumbled words.
A puff of frost appears from out of thin air!
The puff of frost hits you. You resist.
* * * LOW HITPOINT WARNING * * *
You feel better.
You hear some strange, mumbled words.
A puff of flame appears from out of thin air!
The puff of flame misses you. Something hits you.
* * * LOW HITPOINT WARNING * * *
You hit the orc.
The orc is poisoned.
The orc barely misses you.
You hear some strange, mumbled words.
A magic dart appears from out of thin air!
The magic dart hits you.
* * * LOW HITPOINT WARNING * * *
You closely miss something. Something hits you but does no damage.
The orc hits you but does no damage. Something hits you but does no damage.
An ooze comes into view.
You miss something. Something hits you.
* * * LOW HITPOINT WARNING * * *
The orc barely misses you.
The ooze quivers.
You hit the orc.
The orc looks as sick as possible!
Something hits you but does no damage. The orc hits you with a +0 club.
* * * LOW HITPOINT WARNING * * *
Okay, then.
You miss something.
You kill the orc!
Something hits you but does no damage. Something hits you but does no damage.
You hit something but do no damage.
You hear some strange, mumbled words.
A magic dart appears from out of thin air!
The magic dart hits you.
You die...

.........#......#...≈≈≈≈≈.....#
.........#......#####≈≈≈#.....#
.##......#...........#_########
.##......#...........###
..+......#..............
..#......#..............
..#......#.............. ..#
##+####........ .##
..#.....#@....... ##
..#.....#{)......
.['.....#........
#....?#........ #...)†#....J...
#....#........
..##..o)#........#
......oh#........#
.......{#........#


You could see an ooze.

Vanquished Creatures
  Sigmund (D:2)
  An ogre (D:4)
  A howler monkey (D:4)
  A hound (D:4)
  3 orc priests (D:4)
  7 orc wizards
  Jessica (D:2)
  Natasha (thrice) (D:2)
  2 hound skeletons (D:4)
  A howler monkey skeleton (D:4)
  2 adders
  3 oozes
  5 worms
  5 dart slugs
  4 leopard geckos
  17 orcs
  3 giant cockroaches
  12 goblins
  15 hobgoblins
  9 jackals
  A quokka (D:4)
  A ball python (D:4)
  5 bats
  6 frilled lizards
  6 kobolds
  5 rats
120 creatures vanquished.

Vanquished Creatures (others)
  A goblin (D:3)
  A hobgoblin (D:3)
2 creatures vanquished.

Grand Total: 122 creatures vanquished

Notes
Turn   | Place    | Note
-------+----------+-------------------------------------------
     0 | D:1      | MalarOregon the Ghoul Warper began the quest for the Orb.
     0 | D:1      | Reached XP level 1. HP: 17/17 MP: 2/2
    76 | D:1      | Reached skill level 1 in Throwing
    76 | D:1      | Reached skill level 1 in Armour
   121 | D:1      | Reached XP level 2. HP: 22/25 MP: 3/3
   592 | D:1      | Reached XP level 3. HP: 22/30 MP: 5/5
  1048 | D:2      | Noticed Jessica
  1101 | D:2      | Killed Jessica
  1101 | D:2      | Reached XP level 4. HP: 21/37 MP: 6/6
  1458 | D:2      | Reached skill level 3 in Fighting
  1570 | D:2      | Noticed Sigmund
  1576 | D:2      | Noticed Natasha
  1582 | D:2      | Killed Sigmund
  1582 | D:2      | Reached XP level 5. HP: 42/45 MP: 7/7
  1582 | D:2      | Reached XP level 6. HP: 47/51 MP: 8/8
  1582 | D:2      | Killed Natasha
  1794 | D:2      | Found a runed translucent door.
  1795 | D:2      | Noticed Crazy Yiuf
  2095 | D:2      | Noticed Natasha
  2121 | D:2      | Killed Natasha
  2445 | D:2      | Found a runed translucent door.
  2479 | D:2      | Noticed Natasha
  2702 | D:2      | Killed Natasha
  3014 | D:3      | Reached skill level 4 in Fighting
  3047 | D:3      | Found a shattered altar of Ashenzari.
  3063 | D:3      | Found an opulent altar of Gozag.
  3071 | D:3      | Found Gozag's Platinum Reserve.
  3182 | D:3      | Found a sacrificial altar of Ru.
  3278 | D:3      | You fall through a shaft!
  3332 | D:4      | Reached XP level 7. HP: 35/59 MP: 9/9
  3842 | D:3      | Found a shadowy altar of Dithmenos.
  3842 | D:3      | Found an ornate altar of the Wu Jian Council.
  3842 | D:3      | Found a stormy altar of Qazlal.
  4141 | D:3      | Learned a level 2 spell: Blink
  4145 | D:3      | Learned a level 3 spell: Mephitic Cloud
  4149 | D:3      | Learned a level 3 spell: Gell's Gravitas
  4160 | D:4      | Found a snail-covered altar of Cheibriados.
  4798 | D:4      | Found a runed translucent door.
  4798 | D:4      | Noticed Sassenached's ghost (amateur DsSk)
  4814 | D:4      | Reached skill level 5 in Fighting
  5009 | D:4      | Reached XP level 8. HP: 37/68 MP: 10/10
  5046 | D:4      | Killed from afar by an orc wizard

Skill      XL: |  1  2  3  4  5  6  7  8 |
---------------+-------------------------+-----
Throwing       | 1 2 3 4 |  4.0
Armour         | 1 |  1.0
Short Blades   | 2 3 4 |  4.3
Dodging        | 2 3 4 |  4.3
Spellcasting   | 2 |  2.0
Fighting       | 3 4 5 |  5.1
Translocations | |  2.6

Action                   |  1- 3 |  4- 6 |  7- 9 || total
-------------------------+-------+-------+-------++-------
Melee: Short sword       |   113 |   307 |   198 ||   618
Throw: Tomahawk          |       |       |     3 ||     3
Evoke: Wand              |       |     2 |       ||     2
  Use: Potion            |       |       |     1 ||     1
  Eat: Chunk             |     3 |    26 |    24 ||    53
       Ration            |       |       |     1 ||     1
Armor: Leather armour    |    16 |    60 |       ||    76
       Robe              |       |       |    16 ||    16
Dodge: Dodged            |    64 |   206 |   123 ||   393
